 Dungeon Crawl Stone Soup version 0.31-a0-846-gb3bcc0d938 (webtiles) character file.

Game seed: 8789674816836432367

24933 CoinPitGoblin the Marksspriggan (level 12, 0/94 HPs)
             Began as a Spriggan Hunter on Oct 4, 2023.
             Was an Elder of the Shining One.
             Succumbed to a red devil's poison
             ... on level 2 of the Orcish Mines.
             The game lasted 00:34:10 (13457 turns).

CoinPitGoblin the Marksspriggan (Spriggan Hunter)  Turns: 13457, Time: 00:34:10

Health: 0/94       AC:  5    Str:  7    XL:     12   Next: 85%
Magic:  0/16       EV: 36    Int: 10    God:    the Shining One [****..]
Gold:   950        SH:  0    Dex: 30    Spells: 11/11 levels left

rFire   . . .        O - +0 arbalest
rCold   . . .        (shield currently unavailable)
rNeg    + + .        P - +0 troll leather armour
rPois   +            (helmet restricted)
rElec   .            s - +0 cloak
rCorr   .            (gloves unavailable)
SInv    +            (boots unavailable)
Will    ++...        h - amulet of guardian spirit Stlth
                     r - +6 ring of dexterity
HPRegen 1.95/turn    u - ring of poison resistance
MPRegen 0.15/turn

%: guardian spirit
@: berserking, lethally poisoned (0 -> -11), spiked, attractive, hasted,
glowing, studying 2 skills, very quick
A: very small, no large weapons, unfitting armour, see invisible, speed 3,
regeneration 1, shaggy fur 1
a: Renounce Religion, Divine Shield, Cleansing Flame


You were on level 2 of the Orcish Mines.
You worshipped the Shining One.
The Shining One was greatly pleased with you.
You visited 4 branches of the dungeon, and saw 13 of its levels.
You also visited: Bailey.

You collected 950 gold pieces.

Inventory:

Hand Weapons
 a - a +5 dagger
 O - a +0 arbalest (weapon)
Missiles
 J - a throwing net
Armour
 c - a +1 robe
 s - a +0 cloak (worn)
 N - a +0 buckler
 P - a +0 troll leather armour (worn)
 R - a +2 robe of willpower
Jewellery
 e - a ring of flight
 h - an amulet of guardian spirit (around neck)
 r - a +6 ring of dexterity (left hand)
 u - a ring of poison resistance (right hand)
 x - an amulet of magic regeneration
 C - a +6 ring of strength
 K - a ring of resist corrosion
 Q - a +5 ring of evasion
Talismans
 p - a blade talisman
 z - a serpent talisman
 H - a maw talisman
Wands
 i - a wand of digging (16)
 q - a wand of roots (9)
 t - a wand of flame (16)
 y - a wand of polymorph (11)
Scrolls
 f - 4 scrolls of teleportation
 j - 2 scrolls of butterflies
 A - a scroll of amnesia
 D - 2 scrolls of enchant armour
 F - 2 scrolls of identify
 G - a scroll of acquirement
 I - a scroll of vulnerability {unknown}
 L - a scroll of enchant weapon
Potions
 d - a potion of lignification
 k - 2 potions of enlightenment
 v - a potion of brilliance
 w - a potion of invisibility


   Skills:
 + Level 7.5 Fighting
 + Level 15.4 Ranged Weapons
 + Level 1.6 Armour
 * Level 15.3 Dodging
 - Level 1.5 Stealth
 * Level 4.0 Invocations
 * Level 9.8 Shapeshifting


You had 11 spell levels left.
You didn't know any spells.
Your spell library contained the following spells:

 Spells                   Type           Power      Damage    Failure   Level
 Ensorcelled Hibernation  Hex/Ice        0%         N/A       63%         2
 Passwall                 Tmut/Erth      0%         N/A       63%         2
 Ignite Poison            Fire/Tmut/Pois 0%         N/A       86%         3
 Swiftness                Air            0%         N/A       86%         3
 Tukima's Dance           Hex            0%         N/A       86%         3
 Flame Wave               Conj/Fire      0%         2d4       99%         4
 Passage of Golubria      Tloc           0%         N/A       99%         4
 Sticky Flame             Conj/Fire      0%         2d3       99%         4
 Yara's Violent Unravell  Hex/Tmut       0%         3d3       100%        5
 Death Channel            Necr           0%         N/A       100%        6
 Ignition                 Fire           0%         3d3       100%        8
 Fire Storm               Conj/Fire      0%         5d1       100%        9


Dungeon Overview and Level Annotations

Branches:
Dungeon (9/15)             Temple (1/1) D:4            Lair (1/5) D:8
    Orc (2/2) D:9             Elf (0/3) Orc:2        Bailey (visited)

Altars:
Ashenzari
Cheibriados
Dithmenos
Elyvilon
Fedhas
Gozag
Hepliaklqana
Kikubaaqudgha
Makhleb
Nemelex Xobeh
Okawaru
Qazlal
Ru
Sif Muna
Trog
Uskayaw
Vehumet
Wu Jian
Xom
Yredelemnul
Zin
The Shining One

Shops:
D:2 *


Innate Abilities, Weirdness & Mutations

You are very small and have problems with some larger weapons.
You are too small for most types of armour.
You have supernaturally acute eyesight. (SInv)
You cover ground extremely quickly. (Speed+++)
Your natural rate of healing is unusually fast.
You are covered in fur. (AC +1)


Message History

You feel attractive to monsters.
You feel extremely sick.
The orc priest no longer looks unusually strong.
The red devil hits you with a +2 demon trident of venom!
* * * LOW HITPOINT WARNING * * *
Barbed spikes become lodged in your body.
The ice devil completely misses you. The orc sorcerer closely misses you.
Unknown command.
It was a potion of haste.
You feel yourself speed up.
You feel very sick.
The orc priest no longer looks unusually strong.
The red devil completely misses you. The ice devil completely misses you.
The orc sorcerer completely misses you.
The orc priest calls upon Beogh to heal the orc priest.
The orc priest's wounds heal themselves!
Unknown command.
It was a potion of berserk rage.
A red film seems to cover your vision as you go berserk!
You feel yourself moving faster!
You feel mighty!
You feel very sick.
The red devil hits you with a +2 demon trident of venom!
* * * LOW HITPOINT WARNING * * *
Barbed spikes become lodged in your body.
You are more poisoned.
Unknown command.
You are too berserk!
You are too berserk!
Okay, then.
Okay, then.
You are too berserk!
Unknown command.
Unknown command.
Unknown command.
You are too berserk!
Okay, then.
Unknown command.
The barbed spikes dig painfully into your body as you move.
* * * LOW HITPOINT WARNING * * *
You feel a strong urge to attack something.
You die...

.... ............. #. ##
.............. ...#.##
.............. ##.#...#
..#............ #......#.
...............##### ##.....##.
...........#.....#4### #.........
................@.ooo####........
..#....#.#....##.#4oo..#.........
....#.#..##...######)........o...
#......88..#.### ##.....#......
##.............# #.$...........
#..............# ##............
....#....##...## #............
..8..#.........# ##.#...##....
#..O#.#...#.#..# #######.....


You could see an ice devil (summoned), an orc sorcerer (strong), a red devil
(summoned), an orc warrior (strong), 2 orc priests and an orc (strong).

Vanquished Creatures
  A hydra (D:9)
  Harold (Lair:1)
  A boulder beetle (D:9)
  A centaur warrior (D:9)
  2 two-headed ogres (D:9)
  The ghost of dittoslash the Cruncher, a novice FoFi of Nemelex Xobeh (D:7)
  Sonja (Lair:1)
  4 skeletal warriors
  3 orc knights
  An ugly thing (D:9)
  An elephant (D:8)
  A black mamba (Lair:1)
  Maurice (D:8)
  An efreet (D:9)
  2 komodo dragons (Lair:1)
  6 trolls
  6 saltlings (Orc:2)
  A slime creature (D:9)
  5 basilisks
  A wyvern (D:8)
  Eustachio (D:6)
  24 yaks
  21 orc warriors
  4 water moccasins
  7 black bears
  A sky beast (D:7)
  An ice beast (D:6)
  3 ogres
  14 centaurs
  2 phantoms (D:5)
  A kobold brigand (D:9)
  2 gnoll sergeants
  9 bullfrogs
  2 scorpions
  4 wights
  15 killer bees
  2 howler monkeys
  4 quasits (D:7)
  8 orc priests
  2 gnoll boudas
  5 jellies
  2 hounds
  3 iguanas
  2 sleepcaps
  8 orc wizards
  19 gnolls
  5 adders
  A white imp (D:6)
  2 ufetubi (D:7)
  A dart slug (D:4)
  74 orcs
  17 endoplasms
  A giant cockroach (D:4)
  9 goblins
  9 hobgoblins
  13 kobolds
  A quokka (D:2)
  5 ball pythons
  4 bats
  12 frilled lizards
  3 rats
364 creatures vanquished.

Notes
Turn   | Place    | Note
-------+----------+-------------------------------------------
     0 | D:1      | CoinPitGoblin the Spriggan Hunter began the quest for the
                  | Orb.
     0 | D:1      | Reached XP level 1. HP: 10/10 MP: 2/2
   192 | D:1      | Reached XP level 2. HP: 14/14 MP: 3/3
   811 | D:2      | Reached XP level 3. HP: 18/18 MP: 4/4
  1192 | D:2      | Found Iceonwoned's Assorted Antiques.
  1626 | D:3      | Reached skill level 5 in Ranged Weapons
  1702 | D:3      | Found a white marble altar of Elyvilon.
  1800 | D:3      | Found a faded altar of an unknown god.
  1838 | D:3      | Reached XP level 4. HP: 23/23 MP: 5/5
  1931 | D:3      | Reached XP level 5. HP: 22/26 MP: 6/6
  2244 | D:4      | Noticed a yak
  2244 | D:4      | Noticed a yak
  2244 | D:4      | Noticed a yak
  2244 | D:4      | Noticed a yak
  2523 | D:4      | Noticed an ogre
  2543 | D:4      | Killed an ogre
  2544 | D:4      | Reached XP level 6. HP: 32/32 MP: 7/7
  2733 | D:4      | Reached skill level 5 in Dodging
  2863 | D:4      | Reached XP level 7. HP: 31/35 MP: 8/8
  2939 | D:4      | Found a staircase to the Ecumenical Temple.
  3085 | Temple   | Entered the Ecumenical Temple
  3106 | Temple   | Became a worshipper of the Shining One
  3206 | D:4      | Killed a yak
  3228 | D:4      | Killed a yak
  3257 | D:4      | Killed a yak
  3258 | D:4      | Reached XP level 8. HP: 40/40 MP: 9/9
  3562 | D:5      | Entered Level 5 of the Dungeon
  3775 | D:5      | Reached skill level 1 in Shapeshifting
  5303 | D:6      | Reached XP level 9. HP: 29/45 MP: 7/10
  5706 | D:6      | Found an ancient bone altar of Kikubaaqudgha.
  5717 | D:6      | Found a stormy altar of Qazlal.
  5867 | D:6      | Reached * piety under the Shining One
  5868 | D:6      | Reached skill level 10 in Ranged Weapons
  6088 | D:6      | Noticed Eustachio
  6121 | D:6      | Killed Eustachio
  6560 | D:7      | Identified a scroll of acquirement
  6560 | D:7      | Acquired a manual of Dodging
  6923 | D:7      | Noticed dittoslash's ghost (novice FoFi)
  6984 | D:7      | Found a transporter.
  7005 | D:7      | Found a transporter.
  7041 | D:7      | Reached ** piety under the Shining One
  7492 | D:7      | Killed dittoslash's ghost
  7493 | D:7      | Reached skill level 5 in Shapeshifting
  7538 | D:7      | Reached XP level 10. HP: 51/51 MP: 11/11
  7758 | D:8      | Reached skill level 5 in Fighting
  7768 | D:8      | Reached skill level 10 in Dodging
  7906 | D:8      | Noticed an elephant
  7949 | D:8      | Killed an elephant
  8153 | D:8      | Found a staircase to the Lair.
  8253 | D:8      | Found a flagged portal.
  8272 | Bailey   | Entered a bailey
  8931 | Bailey   | Identified the +5 executioner's axe of Foul Odours {holy,
                  | rN+}
  9040 | Bailey   | Reached XP level 11. HP: 56/56 MP: 12/12
  9267 | D:8      | Noticed Maurice
  9269 | D:8      | Maurice stole a maw talisman
  9276 | D:8      | Killed Maurice
  9579 | Lair:1   | Entered Level 1 of the Lair of Beasts
  9731 | Lair:1   | Noticed Harold
  9732 | Lair:1   | Noticed Sonja
  9767 | Lair:1   | Killed Harold
  9795 | Lair:1   | Killed Sonja
 10028 | Lair:1   | Found a gate leading to a gauntlet.
 11139 | D:9      | Noticed a skeletal warrior
 11139 | D:9      | Noticed a skeletal warrior
 11139 | D:9      | Noticed a skeletal warrior
 11240 | D:8      | Killed a skeletal warrior
 11240 | D:8      | Reached *** piety under the Shining One
 11286 | D:8      | Killed a skeletal warrior
 11504 | D:8      | Killed a skeletal warrior
 11572 | D:9      | Reached skill level 1 in Invocations
 11733 | D:9      | Noticed a two-headed ogre
 11738 | D:9      | Noticed a skeletal warrior
 11743 | D:9      | Killed a two-headed ogre
 11744 | D:9      | Reached XP level 12. HP: 33/62 MP: 7/14
 12093 | D:9      | Noticed a two-headed ogre
 12097 | D:9      | Killed a two-headed ogre
 12121 | D:9      | Found a staircase to the Orcish Mines.
 12206 | D:9      | Noticed a boulder beetle
 12207 | D:9      | Noticed a six-headed hydra
 12210 | D:9      | Noticed a centaur warrior
 12312 | D:9      | Killed a centaur warrior
 12327 | D:9      | Killed a six-headed hydra
 12328 | D:9      | Reached skill level 15 in Ranged Weapons
 12328 | D:9      | Reached skill level 1 in Armour
 12338 | D:9      | Killed a boulder beetle
 12540 | D:9      | Got an innocuous book
 12622 | D:9      | Gained mutation: You are occasionally teleported next to
                  | monsters. [potion of mutation]
 12622 | D:9      | Gained mutation: You are covered in fur. (AC +1) [potion of
                  | mutation]
 12622 | D:9      | Gained mutation: Your magical capacity is low. (-10% MP)
                  | [potion of mutation]
 12623 | D:9      | Lost mutation: You are occasionally teleported next to
                  | monsters. [potion of mutation]
 12623 | D:9      | Lost mutation: Your magical capacity is low. (-10% MP)
                  | [potion of mutation]
 12623 | D:9      | Gained mutation: You expend magic power (3 MP) to
                  | strengthen your wands. [potion of mutation]
 12623 | D:9      | Lost mutation: You expend magic power (3 MP) to strengthen
                  | your wands. [potion of mutation]
 12623 | D:9      | Gained mutation: Your natural rate of healing is unusually
                  | fast. [potion of mutation]
 12676 | Orc:1    | Entered Level 1 of the Orcish Mines
 12691 | Orc:1    | Found a bloodstained altar of Trog.
 13018 | Orc:2    | Entered Level 2 of the Orcish Mines
 13244 | Orc:2    | Found a staircase to the Elven Halls.
 13291 | Orc:1    | Noticed an orc warlord
 13291 | Orc:1    | Reached **** piety under the Shining One
 13312 | Orc:2    | Reached skill level 15 in Dodging
 13397 | Orc:2    | Noticed a two-headed ogre
 13399 | Orc:2    | Noticed a two-headed ogre
 13456 | Orc:2    | HP: 4/94 [red devil/+2 demon trident of venom[an orc
                  | knight] (9)]
 13457 | Orc:2    | Succumbed to a red devil's poison

Illustrated notes

Levels and vault maps discovered:
D:1:      noname_arrival_rooms_in_the_neighbourhood, layout_loops_ring, hex_tiny
D:2:      layout_basic, serial_shops, nicolae_shop_real_fake_doors, minivault_23
D:3:      cheibrodos_fertilizer, layout_basic, lemuel_doored_altar,
          dreamdust_ecumenical_altar_sealed_demon,
          chequers_serial_rivers_micro_d, serial_bayou_pond_a
D:4:      layout_loops_ring, minmay_temple_entry_fiery, minmay_misc_feat_roman
D:5:      layout_basic, interstate_on_off, minmay_lizard_king
D:6:      layout_loops_corners, amethyst_overflow_temple_binary, uniq_eustachio
D:7:      layout_loops_ring, gammafunk_ghost_stat_death
D:8:      layout_basic, david_lair_generic, enter_bailey_2, uniq_maurice
D:9:      minmay_the_grid_triangle_9x9_rhombus_thin
          [minmay_the_grid_triangle_9x9_sprig,
          minmay_the_grid_triangle_9x9_prize_insulated,
          minmay_the_grid_triangle_9x9_zippers_vertical,
          minmay_the_grid_triangle_9x9_thin_v], layout_loops_ring
Temple:   compressed_dpeg_triangle_lava_temple
Lair:1:   layout_cave_pods, gauntlet_entry_generic, grunt_megastairs_5,
          uniq_harold, uniq_sonja
Orc:1:    layout_caves, serial_shops, nicolae_shop_behind_doors, basic_altar,
          nicolae_orc_flooded_monolith
Orc:2:    hellmonk_orc_salted, layout_caves, serial_shops,
          nicolae_shop_hallway_plus, minmay_orc_temple_a

Skill      XL: |  1  2  3  4  5  6  7  8  9 10 11 12 |
---------------+-------------------------------------+-----
Dodging        | 3 4 5 6 7 9 11 13 15 | 15.3
Ranged Weapons | 5 6 7 8 9 11 12 14 15 | 15.4
Fighting       | 2 3 4 5 6 7 |  7.5
Shapeshifting  | 3 5 7 8 9 |  9.8
Invocations    | 1 4 |  4.0
Armour         | 1 |  1.6
Stealth        | |  1.5

Action                     |  1- 3 |  4- 6 |  7- 9 | 10-12 || total
---------------------------+-------+-------+-------+-------++-------
  Melee: Short sword       |       |    14 |       |       ||    14
         Dagger            |       |    12 |    89 |     8 ||   109
         Punch             |       |       |     1 |       ||     1
   Fire: Shortbow          |    23 |       |       |       ||    23
         Orcbow            |    76 |   117 |   368 |   429 ||   990
         Arbalest          |       |       |       |   359 ||   359
 Invoke: Divine Shield     |       |       |       |     2 ||     2
  Evoke: Wand              |       |       |     1 |       ||     1
    Use: Scroll            |     4 |     6 |     6 |     1 ||    17
         Potion            |       |       |       |     9 ||     9
 Armour: Robe              |     5 |    21 |   107 |    63 ||   196
         Troll leather arm |       |       |       |    67 ||    67
  Dodge: Dodged            |    14 |    46 |   311 |   670 ||  1041
  Block: Other             |       |       |       |     3 ||     3

Table legend: (Time is in decaauts)
 A = Elapsed time spent in this place.
 B = Non-inter-level travel time spent in this place.
 C = Inter-level travel time spent in this place.
 D = Time resting spent in this place.
 E = Time spent auto-exploring this place.
 F = Levels seen in this place.
 G = Mean time per level.
                   A        B        C        D        E       F      G
               +--------+--------+--------+--------+--------+-----+--------+
         Total |   9805 |   9090 |    715 |    265 |   6157 |  14 |  700.4 |
       Dungeon |   7243 |   6625 |    618 |    198 |   4569 |   9 |  804.8 |
        Temple |     20 |     15 |      5 |      0 |      0 |   1 |   20.0 |
          Lair |   1081 |   1014 |     67 |     67 |    736 |   1 | 1081.0 |
  Orcish Mines |    636 |    611 |     25 |      0 |    301 |   2 |  318.0 |
        Bailey |    824 |    824 |      0 |      0 |    550 |   1 |  824.0 |
               +--------+--------+--------+--------+--------+-----+--------+

Top non-repeatable levels by time:
  Lair:1: 1081 daAuts
     D:6: 1067 daAuts
     D:8: 1026 daAuts
     D:7: 979 daAuts
     D:4: 935 daAuts
     D:9: 883 daAuts
     D:5: 831 daAuts
  Bailey: 824 daAuts
     D:3: 646 daAuts
     D:2: 496 daAuts
   Orc:1: 377 daAuts
     D:1: 376 daAuts
   Orc:2: 259 daAuts
  Temple: 20 daAuts
